 Dungeon Crawl Stone Soup version 0.25.1-2-g60ff931df9 (webtiles) character file.

Game seed: 14786283527249260296

101019 Johnny the Earth Mage (level 15, -16/99 HPs)
             Began as a Demigod Earth Elementalist on Oct 11, 2020.
             Demolished by a golden dragon simulacrum (44 damage)
             ... in an ice cave.
             The game lasted 00:53:43 (37221 turns).

Johnny the Earth Mage (Demigod Earth Elementalist) Turns: 37221, Time: 00:53:44

Health: -16/99     AC: 17    Str: 11    XL:     15   Next: 36%
Magic:  3/45       EV: 12    Int: 37    God:
Gold:   2521       SH: 15    Dex: 23    Spells: 5/38 levels left

rFire    + . .     SeeInvis +   g - +7 trident "Wazeylus" {venom, rC- Int+5 Dex+7}
rCold    . . .     Gourm    .   X - +2 shield of Resistance {rF+ rC+ MR+}
rNeg     . . .     Faith    .   S - +3 troll leather armour
rPois    .         Spirit   .   q - +2 helmet {SInv}
rElec    .         Reflect  .   s - +1 cloak "Bamoff" {MR+ Int+3}
rCorr    .         Harm     .   K - +0 pair of gloves {archery}
MR       +++..                  (no boots)
Stlth    ++........             (no amulet)
HPRegen  0.66/turn              L - ring of magical power
MPRegen  0.29/turn              M - +4 ring of protection

@: no status effects
A: high mp 1
a: no special abilities


You were in an ice cave.
You were not hungry.

You visited 4 branches of the dungeon, and saw 24 of its levels.
You also visited: Gauntlet and Ice Cave.

You collected 3479 gold pieces.
You spent 958 gold pieces at shops.

Inventory:

Hand Weapons
 g - the +7 trident "Wazeylus" (weapon) {venom, rC- Int+5 Dex+7}
   (You took it off an orc warrior on level 9 of the Dungeon)

   It poisons the flesh of those it strikes.
   It affects your intelligence (+5).
   It affects your dexterity (+7).
   It makes you vulnerable to cold.
 O - the +6 whip of the Chickpea {drain, rC+}
   (You took it off a big kobold on level 10 of the Dungeon)

   A truly terrible weapon, it drains the life of those it strikes.
   It protects you from cold.
Missiles
 B - 246 stones (quivered)
Armour
 q - a +2 helmet of see invisible (worn)
 s - the +1 cloak "Bamoff" (worn) {MR+ Int+3}
   (You found it in a Gauntlet)

   It affects your intelligence (+3).
   It affects your resistance to hostile enchantments.
 J - the +1 helmet of Suoji {rPois Stlth+}
   (You found it in a Gauntlet)

   It protects you from poison.
   It makes you more stealthy.
 K - a +0 pair of gloves of archery (worn)
 P - a +2 cloak of poison resistance
 S - a +3 troll leather armour (worn)
 X - the +2 shield of Resistance (worn) {rF+ rC+ MR+}
   (You found it in a Gauntlet)

   It protects you from fire.
   It protects you from cold.
   It affects your resistance to hostile enchantments.
Magical Staves
 y - an uncursed staff of wizardry
 W - an uncursed staff of fire
Jewellery
 t - an uncursed ring of resist corrosion
 E - the ring "Bezxiaw" {rElec rF- AC-4 Int+2}
   (You bought it in a shop on level 2 of the Orcish Mines)

   [ring of protection]

   It affects your AC (-4).
   It affects your intelligence (+2).
   It makes you vulnerable to fire.
   It insulates you from electricity.
 L - a ring of magical power (left hand)
 M - a +4 ring of protection (right hand)
 V - the ring "Jeletzeq" {+Blink Str+6 Int+3 Slay-4}
   (You found it in a Gauntlet)

   [ring of strength]

   It affects your strength (+6).
   It affects your intelligence (+3).
   It affects your accuracy and damage with ranged weapons and melee attacks
   (-4).
   It lets you blink.
Wands
 h - a wand of iceblast (30)
 o - a wand of paralysis (4)
 F - a wand of flame (9)
 Z - a wand of acid (10)
Scrolls
 b - a scroll of summoning
 i - 8 scrolls of teleportation
 k - 6 scrolls of blinking
 l - 11 scrolls of remove curse
 m - 2 scrolls of fog
 r - 3 scrolls of noise
 u - 4 scrolls of immolation
 w - 5 scrolls of magic mapping
 H - 5 scrolls of fear
 Y - 2 scrolls of vulnerability
Potions
 a - 3 potions of ambrosia
 c - 3 potions of might
 e - 7 potions of curing
 f - 4 potions of resistance
 j - 2 potions of magic
 n - 2 potions of lignification
 p - 3 potions of invisibility
 x - 7 potions of stabbing
 z - 3 potions of flight
 C - 3 potions of haste
 D - 3 potions of mutation
 G - 4 potions of degeneration
 Q - 3 potions of cancellation
 U - 2 potions of heal wounds
Miscellaneous
 v - a phial of floods
Comestibles
 d - 27 rations


   Skills:
 - Level 1.7 Dodging
 - Level 1.7 Stealth
 + Level 12.4 Shields
 - Level 12.4 Spellcasting
 - Level 0.8 Transmutations
 - Level 18.1 Earth Magic


You had 5 spell levels left.
You knew the following spells:

 Your Spells              Type           Power        Failure   Level  Hunger
a - Sandblast             Erth           ######       0%          1    None
b - Stone Arrow           Conj/Erth      ######       1%          3    None
c - Lee's Rapid Deconstr  Erth           ########..   1%          5    None
d - Petrify               Tmut/Erth      #######.     1%          4    None
e - Blink                 Tloc           N/A          4%          2    None
f - Iron Shot             Conj/Erth      ######....   12%         6    ###....
g - Shatter               Erth           ########..   88%         9    #######
h - Mephitic Cloud        Conj/Pois/Air  ###.....     10%         3    None

Your spell library contained the following spells:

 Spells                   Type           Power        Failure   Level  Hunger
 Passwall                 Tmut/Erth      #######.     1%          2    None
 Leda's Liquefaction      Hex/Erth       ######....   1%          4    None
 Foxfire                  Conj/Fire      ###.         3%          1    None
 Magic Dart               Conj           ###.         3%          1    None
 Shock                    Conj/Air       ###.         3%          1    None
 Summon Butterflies       Summ           ###.....     3%          1    None
 Call Imp                 Summ           ###.....     4%          2    None
 Corpse Rot               Necr/Air       N/A          4%          2    None
 Poisonous Vapours        Pois/Air       ###...       4%          2    None
 Slow                     Hex            ###.....     4%          2    None
 Swiftness                Chrm/Air       ###.....     4%          2    None
 Bolt of Magma            Conj/Fire/Erth ######....   8%          5    None
 Call Canine Familiar     Summ           ###.....     10%         3    None
 Conjure Flame            Conj/Fire      ###.....     10%         3    None
 Inner Flame              Hex/Fire       ###.....     10%         3    None
 Recall                   Summ/Tloc      N/A          10%         3    None
 Static Discharge         Conj/Air       ###.....     10%         3    None
 Teleport Other           Tloc           ###.....     10%         3    None
 Airstrike                Air            ###.......   30%         4    None
 Passage of Golubria      Tloc           N/A          30%         4    None
 Sticky Flame             Conj/Fire      ###.....     30%         4    None
 Summon Ice Beast         Ice/Summ       ###.....     30%         4    None
 Fireball                 Conj/Fire      ###.......   65%         5    None
 Iskenderun's Battlesphe  Conj/Chrm      ###.....     65%         5    None
 Lightning Bolt           Conj/Air       ###.......   65%         5    None
 Summon Mana Viper        Hex/Summ       ###.....     65%         5    None
 Statue Form              Tmut/Erth      #######..    10%         6    ###....
 Freezing Cloud           Conj/Ice/Air   ###.......   99%         6    ###....
 Orb of Destruction       Conj           ###.......   100%        7    #####..
 Ring of Flames           Chrm/Fire      ###.......   100%        7    #####..
 Spellforged Servitor     Conj/Summ      ###.......   100%        7    #####..
 Summon Hydra             Summ           ###.......   100%        7    #####..


Dungeon Overview and Level Annotations

Branches:
Dungeon (15/15)            Temple (0/1) D:6            Lair (6/6) D:9
 Shoals (0/4) Lair:4        Snake (0/4) Lair:4        Slime (0/5) Lair:6
    Orc (2/2) D:10            Elf (1/3) Orc:2        Vaults (0/5) D:14
 Depths (0/5) D:15          IceCv (1/1)             Gauntlet (visited)

Shops:
D:8 %*%}[   Orc:2 *[*=(

Annotations:
D:6 1 runed translucent door, iamyoyoman's ghost, novice DsMo
D:15 3 runed translucent doors, Filipn's ghost, journeyman TeAK; Qaprye's ghost, journeyman OpTm; TuffENuff's ghost, journeyman FoFi; Vochiuc's ghost, adept DEFE


Innate Abilities, Weirdness & Mutations

You have an increased reservoir of magic. (+10% MP)


Message History

Press: ? - help, Shift-Dir - straight line, f/p - golden dragon simulacrum
Aim: a golden dragon simulacrum (chance to defeat MR: 42%)
The golden dragon simulacrum resists with some effort.
Evoke which item? (* to show all) (? for menu, Esc to quit)
Aiming: Paralyse
Press: ? - help, Shift-Dir - straight line, f/p - golden dragon simulacrum
Aim: a golden dragon simulacrum (chance to defeat MR: 42%)
The golden dragon simulacrum resists with some effort.
Evoke which item? (* to show all) (? for menu, Esc to quit)
Aiming: Paralyse
Press: ? - help, Shift-Dir - straight line, f/p - golden dragon simulacrum
Aim: a golden dragon simulacrum (chance to defeat MR: 42%)
The golden dragon simulacrum resists with some effort.
You block the golden dragon simulacrum's attack.
The golden dragon simulacrum claws you.
The golden dragon simulacrum freezes you!!
The golden dragon simulacrum tramples you!
* * * LOW HITPOINT WARNING * * *
The golden dragon simulacrum freezes you!!!
You die...

###########
#.........#
#....∩....#
#....@....#
#....Z....#
#....∩....#
##.......##
##.....##
###.### ...
... ...


You could see a golden dragon simulacrum.

Vanquished Creatures
  Kirke (D:13)
  An ironheart preserver (D:14)
  The ghost of Hairutzoic the Fighter, a journeyman MiBe of Trog (Lair:5)
  A minotaur (Gauntlet)
  2 fire dragons (D:15)
  A deep elf death mage (Elf:1)
  Fannar (Lair:2)
  An ogre mage (D:14)
  Josephine (D:13)
  The ghost of TangoThomas the Fencer, a journeyman BaSk of Qazlal (Lair:2)
  5 catoblepae
  3 hydras
  Erica (D:8)
  2 centaur warriors (D:13)
  6 death yaks (Lair:6)
  A satyr (shapeshifter) (Gauntlet)
  6 two-headed ogres
  2 dancing weapons (Elf:1)
  5 orc high priests (Orc:2)
  4 deep elf knights (Elf:1)
  The ghost of Xye the Destroyer, a novice DECj of Vehumet (D:10)
  The ghost of RedRedRas the Spear-Bearer, a novice MfAK of Lugonu (D:9)
  A death drake (shapeshifter) (Gauntlet)
  2 deep elf archers (Elf:1)
  An unseen horror (D:15)
  8 orc knights
  13 deep elf magi
  A wizard (D:9)
  5 ugly things
  An orc sorcerer (Orc:2)
  A wolf spider (D:15)
  7 elephants
  3 manticores
  An ice statue (Lair:4)
  A cyclops (D:11)
  4 centaur zombies
  4 black mambas
  5 torpor snails (Lair:2)
  9 spiny frogs
  2 gargoyles
  5 komodo dragons
  Maggie (D:6)
  A kobold demonologist (D:10)
  A freezing wraith (D:14)
  An efreet (D:15)
  An anaconda simulacrum (IceCv)
  An ice devil (Lair:4)
  A polar bear (Lair:4)
  7 trolls
  Prince Ribbit (D:8)
  7 blink frogs (Lair:6)
  Grinder (D:4)
  14 hippogriffs
  2 dream sheep (D:8)
  7 flying skulls (Gauntlet)
  A hippogriff (shapeshifter) (D:13)
  A snapping turtle (Lair:4)
  4 shadows (Gauntlet)
  6 wraiths
  An air elemental (Elf:1)
  2 wyverns
  39 yaks
  2 fire bats (Lair:2)
  2 basilisks (Lair:6)
  A steam dragon (D:11)
  6 hogs (D:13)
  2 hungry ghosts
  3 vampire mosquitoes (D:15)
  5 wargs
  Edmund (D:6)
  2 harpy simulacra (IceCv)
  3 soldier ants
  3 nagas
  18 water moccasins
  2 acid dragons
  8 porcupines
  2 black bears
  4 sky beasts
  18 ice beasts
  A black bear (shapeshifter) (Gauntlet)
  36 orc warriors
  17 ogres
  2 necrophages
  19 wolves
  15 crocodiles
  An eye of draining (D:15)
  10 centaurs
  Blork the orc (D:6)
  15 big kobolds
  20 bullfrogs
  A gnoll sergeant (D:6)
  2 earth elementals (Elf:1)
  A wyvern skeleton (D:10)
  8 scorpions
  9 killer bees
  15 wights
  3 howler monkeys
  4 electric eels (D:9)
  2 bullfrog zombies
  12 crimson imps
  2 bullfrog skeletons
  4 jellies
  A quasit (D:8)
  31 orc priests
  15 hounds
  Crazy Yiuf (D:5)
  3 centaur skeletons
  14 orc wizards
  An iguana (D:6)
  11 worker ants
  A hound zombie (D:9)
  A hound skeleton (D:8)
  Robin (D:2)
  18 gnolls
  13 adders
  2 shadow imps
  2 white imps (Lair:4)
  An adder zombie (D:6)
  An adder skeleton (D:9)
  5 worms
  2 dart slugs (D:3)
  6 leopard geckos
  86 orcs
  A ball python (D:2)
  10 bats
  4 giant cockroaches
  13 goblins
  10 hobgoblins
  5 jackals
  22 kobolds
  5 quokkas
  A frilled lizard (D:3)
  A giant cockroach zombie (D:5)
  A leopard gecko skeleton (D:5)
  2 quokka skeletons
  8 rats
  A fungus (Lair:2)
  A plant (Lair:2)
805 creatures vanquished.

Vanquished Creatures (collateral kills)
  An orc wizard (D:5)
  2 gnolls (D:6)
  An orc (D:5)
4 creatures vanquished.

Vanquished Creatures (others)
  A troll (D:9)
  A bullfrog zombie (D:11)
  A leopard gecko (D:11)
  An orc (D:11)
  A fungus (Lair:4)
  6 plants
  2 withered plants (D:15)
13 creatures vanquished.

Grand Total: 822 creatures vanquished

Notes
Turn   | Place    | Note
-------+----------+-------------------------------------------
     0 | D:1      | Johnny the Demigod Earth Elementalist began the quest for
                  | the Orb.
     0 | D:1      | Reached XP level 1. HP: 14/14 MP: 5/5
   188 | D:1      | Reached skill level 3 in Earth Magic
   489 | D:1      | Reached XP level 2. HP: 13/20 MP: 4/7
  1607 | D:2      | Found a hazy altar of Hepliaklqana.
  1859 | D:2      | Found a white marble altar of Elyvilon.
  2234 | D:2      | Reached XP level 3. HP: 25/26 MP: 9/9
  2516 | D:3      | Noticed Robin
  2525 | D:2      | Killed Robin
  2710 | D:3      | Reached skill level 4 in Earth Magic
  2759 | D:3      | Reached XP level 4. HP: 27/33 MP: 4/10
  3399 | D:3      | Noticed Ijyb
  3407 | D:3      | Noticed Sigmund
  3417 | D:3      | Noticed Ijyb
  3417 | D:3      | Ijyb changed into Ijyb the swamp drake
  3428 | D:3      | Noticed Ijyb
  3428 | D:3      | Ijyb the swamp drake changed into Ijyb the jelly
  3450 | D:3      | Killed Ijyb the jelly
  3451 | D:3      | Noticed Sigmund
  3451 | D:3      | Sigmund changed into Sigmund the worm
  3472 | D:3      | Killed Sigmund the worm
  3765 | D:3      | Learned a level 3 spell: Stone Arrow
  3916 | D:4      | Reached skill level 5 in Earth Magic
  3916 | D:4      | Reached XP level 5. HP: 29/38 MP: 9/12
  4170 | D:4      | Noticed an ogre
  4242 | D:4      | Killed an ogre
  4242 | D:4      | Reached XP level 6. HP: 5/45 MP: 6/14
  4882 | D:4      | HP: 2/45 [poisoned by a worker ant]
  5174 | D:4      | Found a shadowy altar of Dithmenos.
  5174 | D:4      | Found a shimmering altar of Xom.
  5228 | D:4      | Reached skill level 6 in Earth Magic
  5488 | D:4      | Found a bloodstained altar of Trog.
  5825 | D:4      | Noticed Grinder
  5953 | D:4      | Paralysed by Grinder for 6 turns
  6124 | D:4      | Killed Grinder
  6124 | D:4      | Reached XP level 7. HP: 50/50 MP: 6/16
  6196 | D:5      | Entered Level 5 of the Dungeon
  6252 | D:5      | Reached skill level 7 in Earth Magic
  6819 | D:5      | Reached skill level 5 in Spellcasting
  6819 | D:5      | Reached XP level 8. HP: 57/57 MP: 0/19
  6951 | D:5      | Reached skill level 8 in Earth Magic
  7504 | D:5      | Found a runed translucent door.
  7505 | D:5      | Noticed Crazy Yiuf
  7889 | D:5      | Found a snail-covered altar of Cheibriados.
  7889 | D:5      | Found a radiant altar of Vehumet.
  7889 | D:5      | Found a stormy altar of Qazlal.
  8366 | D:5      | Found a glowing golden altar of the Shining One.
  8473 | D:5      | Killed Crazy Yiuf
  8865 | D:6      | Reached skill level 9 in Earth Magic
  9013 | D:6      | Learned a level 4 spell: Petrify
  9019 | D:6      | Learned a level 5 spell: Lee's Rapid Deconstruction
  9041 | D:6      | Found a staircase to the Ecumenical Temple.
  9295 | D:6      | Found an ornate altar of the Wu Jian Council.
  9329 | D:6      | Noticed Edmund
  9493 | D:6      | Killed Edmund
  9747 | D:6      | Noticed Maggie
  9755 | D:6      | Killed Maggie
  9755 | D:6      | Reached XP level 9. HP: 36/62 MP: 0/22
  9903 | D:6      | Found a runed translucent door.
  9929 | D:6      | Reached skill level 10 in Earth Magic
  9958 | D:6      | Noticed iamyoyoman's ghost (novice DsMo)
 10001 | D:6      | Found a shattered altar of Ashenzari.
 10136 | D:6      | Noticed Blork the orc
 10140 | D:6      | Killed Blork the orc
 10587 | D:7      | Found a sparkling altar of Nemelex Xobeh.
 11975 | D:8      | Reached skill level 11 in Earth Magic
 11980 | D:8      | Noticed Prince Ribbit
 11986 | D:8      | Killed Prince Ribbit
 12095 | D:8      | Found Xixoal's Gadget Shop.
 12355 | D:8      | Reached XP level 10. HP: 43/69 MP: 1/25
 12492 | D:8      | Identified the +11 halberd of Defence by Offence {freeze,
                  | *Drain Dex+5}
 12495 | D:8      | Noticed a two-headed hydra
 12498 | D:8      | Killed a two-headed hydra
 12672 | D:8      | Found Afaddy's Armour Shoppe.
 12735 | D:8      | Noticed Erica
 12845 | D:8      | Found Kapa's Food Emporium.
 12859 | D:8      | Killed Erica
 12859 | D:8      | Reached skill level 12 in Earth Magic
 13245 | D:8      | Found Cuubilon's Food Emporium.
 13469 | D:8      | Found Jasir's Assorted Antiques.
 13475 | D:8      | Bought a pair of embroidered gloves for 187 gold pieces
 13644 | D:9      | Noticed a two-headed ogre
 13708 | D:9      | Noticed a wizard
 13712 | D:9      | Killed a wizard
 13784 | D:9      | Killed a two-headed ogre
 13802 | D:9      | Reached skill level 13 in Earth Magic
 14054 | D:8      | Reached XP level 11. HP: 46/74 MP: 4/28
 14440 | D:9      | Found a staircase to the Lair.
 14809 | D:9      | You fall into a shaft and drop 3 floors!
 15031 | D:11     | Noticed a catoblepas
 15079 | D:11     | Killed a catoblepas
 15274 | D:10     | Entered Level 10 of the Dungeon
 15274 | D:10     | Noticed a seven-headed hydra
 15280 | D:10     | Killed a seven-headed hydra
 15737 | D:9      | Found a runed translucent gate.
 15737 | D:9      | Found a runed translucent gate.
 15737 | D:9      | Found a runed translucent gate.
 15738 | D:9      | Noticed RedRedRas's ghost (novice MfAK)
 15742 | D:9      | Identified the +7 trident "Wazeylus" {venom, rC- Int+5
                  | Dex+7}
 15749 | D:9      | Found a roughly hewn altar of Beogh.
 15749 | D:9      | Identified the +3 ring mail of the Everdark {Str+2 Dex+5}
 15820 | D:9      | Killed RedRedRas's ghost
 15820 | D:9      | Reached skill level 14 in Earth Magic
 16628 | D:10     | Found a staircase to the Orcish Mines.
 17261 | D:10     | Noticed a seven-headed hydra
 17266 | D:10     | Killed a seven-headed hydra
 17350 | D:10     | Found a runed translucent gate.
 17373 | D:10     | Found a runed translucent gate.
 17373 | D:10     | Found a runed translucent gate.
 17373 | D:10     | Identified the +6 whip of the Chickpea {drain, rC+}
 17374 | D:10     | Noticed Xye's ghost (novice DECj)
 17476 | D:10     | Reached skill level 10 in Spellcasting
 17479 | D:10     | Killed Xye's ghost
 17481 | D:10     | Reached XP level 12. HP: 80/81 MP: 9/30
 18062 | D:11     | Reached skill level 1 in Shields
 18435 | D:11     | Reached skill level 15 in Earth Magic
 19136 | D:11     | Identified Vor Wom's Incunabulum of Floating Displacement
 20281 | D:13     | Noticed a centaur warrior
 20287 | D:13     | Killed a centaur warrior
 20398 | D:13     | Identified a scroll of acquirement
 20401 | D:13     | Acquired 1000 gold pieces
 20546 | D:13     | Noticed Kirke
 20607 | D:13     | Killed Kirke
 20614 | D:13     | Noticed Josephine
 20639 | D:13     | Killed Josephine
 21175 | D:13     | Noticed a centaur warrior
 21182 | D:13     | Killed a centaur warrior
 21595 | D:14     | Noticed an ogre mage
 21599 | D:14     | Killed an ogre mage
 21599 | D:14     | Reached skill level 16 in Earth Magic
 21601 | D:14     | Reached XP level 13. HP: 86/86 MP: 25/32
 21608 | D:14     | Noticed an ironheart preserver
 21860 | D:14     | Reached skill level 5 in Shields
 22052 | D:14     | Learned a level 2 spell: Blink
 22059 | D:14     | Learned a level 6 spell: Iron Shot
 22069 | D:14     | Learned a level 9 spell: Shatter
 22479 | D:14     | Killed an ironheart preserver
 22571 | D:14     | Found a gate to the Vaults.
 22869 | D:15     | Entered Level 15 of the Dungeon
 23258 | D:15     | Found a runed translucent gate.
 23259 | D:15     | Found a runed translucent gate.
 23265 | D:15     | Found a runed translucent gate.
 23265 | D:15     | Noticed Vochiuc's ghost (adept DEFE)
 23265 | D:15     | Noticed Filipn's ghost (journeyman TeAK)
 23266 | D:15     | Noticed Qaprye's ghost (journeyman OpTm)
 23266 | D:15     | Noticed TuffENuff's ghost (journeyman FoFi)
 23983 | D:15     | Reached skill level 17 in Earth Magic
 24141 | D:15     | Found a staircase to the Depths.
 24487 | Orc:1    | Entered Level 1 of the Orcish Mines
 24516 | Orc:2    | Entered Level 2 of the Orcish Mines
 24569 | Lair:1   | Entered Level 1 of the Lair of Beasts
 25571 | Lair:2   | Found a gate leading to a gauntlet.
 25581 | Gauntlet | Entered a Gauntlet
 25581 | Gauntlet | Found a transporter.
 25581 | Gauntlet | Found a transporter.
 25589 | Gauntlet | Found a transporter.
 25602 | Gauntlet | Found a transporter.
 25618 | Gauntlet | Found the +5 scythe "Finisher" {speed, eviscerate}
 25619 | Gauntlet | Found a transporter.
 25619 | Gauntlet | Found a transporter.
 25619 | Gauntlet | Found a transporter.
 25621 | Gauntlet | Found a transporter.
 25621 | Gauntlet | Found a transporter.
 25635 | Gauntlet | Found a transporter.
 25648 | Gauntlet | Found a transporter.
 25656 | Gauntlet | Found a runed translucent door.
 25658 | Gauntlet | Found a transporter.
 25660 | Gauntlet | Found a runed translucent door.
 25663 | Gauntlet | Found a transporter.
 25697 | Gauntlet | Found a transporter.
 25750 | Gauntlet | Got a pitted cloak
 25768 | Gauntlet | Identified the +1 cloak "Bamoff" {MR+ Int+3} (You found it
                  | in a Gauntlet)
 25974 | Gauntlet | Got a pitted helmet
 25990 | Gauntlet | Identified the +1 helmet of Suoji {rPois Stlth+} (You found
                  | it in a Gauntlet)
 26044 | Gauntlet | Got an ancient marble ring
 26046 | Gauntlet | Identified the ring "Jeletzeq" {+Blink Str+6 Int+3 Slay-4}
                  | (You found it in a Gauntlet)
 26147 | Gauntlet | Identified the +3 ring mail of Refuge {MR- Str+2 Int+4}
 26147 | Gauntlet | Noticed a minotaur
 26148 | Gauntlet | Found the +2 shield of Resistance {rF+ rC+ MR+}
 26150 | Gauntlet | Killed a minotaur
 26275 | Lair:2   | Found a runed translucent door.
 26729 | Lair:2   | Reached XP level 14. HP: 91/93 MP: 35/35
 26974 | Lair:2   | Got a warped short sword
 27167 | Lair:2   | Noticed Fannar
 27168 | Lair:2   | Identified the cursed +2 short sword of a bailey {flame,
                  | rF- Int+4 Dex+4} (You found it on level 2 of the Lair of
                  | Beasts)
 27174 | Lair:2   | Killed Fannar
 27408 | Lair:2   | Found a snail-covered altar of Cheibriados.
 27819 | Lair:2   | Noticed TangoThomas's ghost (journeyman BaSk)
 27930 | Lair:2   | Killed TangoThomas's ghost
 29018 | Lair:3   | Learned a level 3 spell: Mephitic Cloud
 29037 | Lair:4   | Found a staircase to the Snake Pit.
 29832 | Lair:4   | Reached skill level 18 in Earth Magic
 30263 | Lair:4   | Found a staircase to the Shoals.
 30800 | Lair:5   | Found a large runed translucent door.
 30800 | Lair:5   | Found a large runed translucent door.
 30804 | Lair:5   | Noticed Hairutzoic's ghost (journeyman MiBe)
 30830 | Lair:5   | Found a white marble altar of Elyvilon.
 31854 | Lair:5   | Killed Hairutzoic's ghost
 32025 | Lair:6   | Entered Level 6 of the Lair of Beasts
 32268 | Lair:6   | Found a viscous altar of Jiyva.
 32268 | Lair:6   | Found a staircase to the Slime Pits.
 35043 | Orc:2    | Found Sagyah's Assorted Antiques.
 35054 | Orc:2    | Bought a scroll of identify for 64 gold pieces
 35054 | Orc:2    | Bought a potion of heal wounds for 160 gold pieces
 35054 | Orc:2    | Bought a scroll of magic mapping for 112 gold pieces
 35067 | Orc:2    | Found a staircase to the Elven Halls.
 35089 | Orc:2    | Reached skill level 10 in Shields
 36352 | Orc:2    | Reached XP level 15. HP: 99/99 MP: 29/36
 36701 | Orc:2    | Found Furgh's Armour Shop.
 36702 | Orc:2    | Found Igoemeuh's Jewellery Shop.
 36702 | Orc:2    | Found Ywnigil's Assorted Antiques.
 36703 | Orc:2    | Found Qugic's Antique Weapon Shop.
 36712 | Orc:2    | Bought a flickering granite ring for 145 gold pieces
 36712 | Orc:2    | Bought a scroll of fog for 58 gold pieces
 36712 | Orc:2    | Bought a wand of acid (11) for 232 gold pieces
 36717 | Orc:2    | Identified the cursed ring "Bezxiaw" {rElec rF- AC-4 Int+2}
                  | (You bought it in a shop on level 2 of the Orcish Mines)
 36798 | Elf:1    | Entered Level 1 of the Elven Halls
 36848 | Elf:1    | Found a radiant altar of Vehumet.
 37187 | Elf:1    | Found a frozen archway.
 37196 | IceCv    | Entered an ice cave
 37221 | IceCv    | Demolished by a golden dragon simulacrum

Illustrated notes

Levels and vault maps discovered:
D:1:      minmay_arrival_floating_metal, layout_basic, skrybe_limestone_x,
          serial_park_tiny_2
D:2:      layout_loops_cross, grunt_temple_overflow_open
D:3:      layout_basic, uniq_sigmund, uniq_robin, uniq_ijyb
D:4:      layout_layer_cave, lemuel_doored_altar,
          chequers_temple_overflow_statue_of_worship, uniq_grinder
D:5:      layout_cave_pools, marbit_many_paths,
          gammafunk_temple_overflow_forgotten, first_ration, kennysheep_dice,
          uniq_crazy_yiuf_cottage
D:6:      layout_basic, lemuel_crystal_altar, temple_doors_ab,
          ebering_ghost_sewer_d, grunt_decor_fettered,
          kennysheep_decorative_pillar, cheibrodos_ashenzari_chains,
          uniq_maggie, uniq_edmund, uniq_blork_the_orc
D:7:      layout_gridville, kennysheep_mini_moat
D:8:      layout_basic, serial_shops, shop, nicolae_shop_statue_plus,
          nicolae_shop_competitors_out_of_business, shop, shop, hangedman_ranch
          [blue_anna_fruit_fields], uniq_erica, uniq_prince_ribbit1
D:9:      layout_rooms, erik_lair_island, biasface_ghost_orc_armoury,
          lightli_fourway_metalbox
D:10:     layout_basic, minmay_orc_entry_guard_dogs,
          gammafunk_ghost_nasty_kobolds
D:11:     layout_gridville
D:12:     layout_roguey, st_stairs_1
D:13:     layout_stronghold, serial_column_ruins, column_ruins_square_large,
          column_ruins_open_medium, column_ruins_open_small,
          column_ruins_corridor_dead_end, column_ruins_grid_1, uniq_kirke,
          uniq_josephine
D:14:     layout_stronghold, skrybe_vaults_entry_preservation,
          hangedman_abyss_or_decor_stabs
D:15:     grunt_enter_depths_hoard, layout_irregular_city,
          gammafunk_ghost_cemetery, minmay_misc_feat_columns,
          grunt_decor_resistance
Lair:1:   layout_regular_city, serial_forest, infiniplex_forest_clump_curved,
          infiniplex_forest_zigzag_2, infiniplex_forest_end_double,
          infiniplex_forest_zigzag_1, infiniplex_forest_clump_C,
          infiniplex_forest_clump_small, infiniplex_forest_lined_corner
Lair:2:   beast_lair_carwin_large_4, layout_gridlike, gauntlet_entry_generic,
          gammafunk_ghost_grave, kennysheep_snail_temple, lemuel_fruit_tree,
          uniq_fannar
Lair:3:   layout_regular_city
Lair:4:   layout_long_grid, minmay_shoals_entry_hut,
          minmay_snake_entry_guardpost_small, serial_forest,
          infiniplex_forest_clump_tiny, infiniplex_forest_clump_curved,
          infiniplex_forest_lined_2, infiniplex_forest_end_double,
          infiniplex_forest_side_room, infiniplex_forest_pool,
          infiniplex_forest_lined_ring, infiniplex_forest_lined_2, ice2_lemuel
Lair:5:   layout_regular_city, basic_altar, ebering_ghost_disaster_area
Lair:6:   evilmike_catoblepas_cave, layout_cave_pods, slime_altar_1
Orc:1:    layout_diamond_mine, uniq_jorgrun
Orc:2:    st_orc_pillars, layout_caves, serial_shops, shop
Elf:1:    eino_elf_arrival_altar, layout_onion_city,
          portal_ice_cave_entry_ugly_swarm, minivault_28
IceCv:    ice_cave_statue_garden_chambered

Skill      XL: |  1  2  3  4  5  6  7  8  9 10 11 12 13 14 15 |
---------------+----------------------------------------------+-----
Earth Magic    | 3 4 5 6 7 9 11 13 14 16 17 18 | 18.1
Spellcasting   | 2 3 4 5 6 7 8 10 11 12 | 12.4
Shields        | 4 5 10 12 | 12.4
Dodging        | |  1.7
Stealth        | |  1.7
Transmutations | |  0.8

Action                   |  1- 3 |  4- 6 |  7- 9 | 10-12 | 13-15 || total
-------------------------+-------+-------+-------+-------+-------++-------
Melee: Spear             |   111 |   156 |    68 |       |       ||   335
       Unarmed           |    11 |       |       |       |       ||    11
       Quarterstaff      |       |       |    33 |       |       ||    33
       Dire flail        |       |       |    76 |   385 |       ||   461
       Trident           |       |       |       |    17 |   393 ||   410
Throw: Stone             |       |       |       |       |     1 ||     1
 Cast: Sandblast         |    31 |    40 |    37 |   104 |   175 ||   387
       Stone Arrow       |       |    10 |   106 |    99 |   152 ||   367
       Lee's Rapid Decon |       |       |    11 |    93 |   186 ||   290
       Petrify           |       |       |       |     2 |    16 ||    18
       Blink             |       |       |       |       |     6 ||     6
       Iron Shot         |       |       |       |       |    87 ||    87
 Abil: Evoke Invisibilit |       |     2 |       |       |       ||     2
Evoke: Wand              |       |    22 |     7 |    21 |    19 ||    69
  Use: Potion            |       |       |     3 |     5 |     2 ||    10
       Scroll            |       |       |     9 |    16 |    24 ||    49
 Stab: Sleeping          |     7 |     1 |     3 |     4 |     9 ||    24
       Distracted        |     2 |     2 |       |       |     2 ||     6
       Invisible         |       |     3 |       |       |       ||     3
       Paralysed         |       |    11 |       |     4 |       ||    15
       Petrified         |       |       |       |       |     9 ||     9
  Eat: Chunk             |     6 |     8 |    18 |    35 |    37 ||   104
       Ration            |       |     1 |     2 |     2 |     8 ||    13
Armor: Robe              |    19 |    22 |    21 |       |       ||    62
       Skin              |     1 |       |       |       |       ||     1
       Ring mail         |       |    37 |       |   119 |       ||   156
       Steam dragon scal |       |       |    36 |   244 |       ||   280
       Troll leather arm |       |       |       |    25 |   240 ||   265
Dodge: Dodged            |    82 |   109 |   174 |   426 |   299 ||  1090
Block: Buckler           |       |       |       |     4 |   169 ||   173
       Kite shield       |       |       |       |       |   130 ||   130
